 Dungeon Crawl Stone Soup version 0.20-a0-772-g73021bd (webtiles) character file.

17564 polly the Basher (level 12, -2/106 HPs)
             Began as a Red Draconian Gladiator on Feb 26, 2017.
             Was a High Priest of Okawaru.
             Slain by a tengu reaver
             ... wielding a +0 great sword
              (32 damage)
             ... on level 11 of the Dungeon.
             The game lasted 00:28:17 (15407 turns).

polly the Basher (Red Draconian Gladiator)         Turns: 15407, Time: 00:28:18

Health: -2/106     AC: 11    Str: 19    XL:     12   Next: 20%
Magic:  12/12      EV: 20    Int:  9    God:    Okawaru [*****.]
Gold:   683        SH:  9    Dex: 19    Spells: 3/11 levels left

rFire    + . .     SeeInvis .   p - +2 whip (drain)
rCold    . . .     Gourm    .   (armour unavailable)
rNeg     . . .     Faith    .   e - +0 buckler
rPois    .         Spirit   .   y - +2 hat
rElec    .         Reflect  +   r - +0 cloak
rCorr    .         Harm     .   (no gloves)
MR       .....                  (no boots)
Stlth    ++++......             B - amulet "Plog" {Reflect Dex+4 SH+3}
Regen    0.3/turn               (no ring)
MPRegen  0.2/turn               (no ring)

@: lethally poisoned (-2 -> -11), studying Fighting, drained
A: breathe fire, unfitting armour, fire resistance 1, cold-blooded, AC +8
a: Breathe Fire, Heroism, Finesse, Renounce Religion


You were on level 11 of the Dungeon.
You worshipped Okawaru.
Okawaru was extremely pleased with you.
You were hungry.

You visited 2 branches of the dungeon, and saw 12 of its levels.
You also visited: Labyrinth.

You collected 683 gold pieces.

Inventory:

Hand Weapons
 c - the +6 war axe "Atrielon" {pain, +Fly rElec}
   (You found it on level 4 of the Dungeon)

   In the hands of one skilled in necromantic magic, it inflicts extra damage on
   living creatures.
   It insulates you from electricity.
   It lets you fly.
 p - a +2 whip of draining (weapon)
 R - the +4 morningstar "Kusos" {crush, *Drain +Rage rC+ rN+ Str-3 Int+9}
   (Okawaru gifted it to you on level 10 of the Dungeon)

   It inflicts extra damage upon your enemies.
   It affects your strength (-3).
   It affects your intelligence (+9).
   It protects you from cold.
   It protects you from negative energy.
   It lets you go berserk.
   It causes draining when unequipped.
Missiles
 b - 2 javelins of returning (quivered)
Armour
 e - a +0 buckler (worn)
 r - a +0 cloak (worn)
 y - a +2 hat (worn)
Magical Staves
 K - an uncursed staff of wizardry {unknown}
Jewellery
 B - the amulet "Plog" (around neck) {Reflect Dex+4 SH+3}
   (You found it in a labyrinth)

   [amulet of reflection]

   It shields you and reflects attacks.
   It affects your dexterity (+4).
   It affects your SH (+3).
Wands
 f - a wand of paralysis (18/24)
 x - a wand of disintegration (10/24)
 D - a wand of lightning (5/15)
 F - a wand of digging (8/24)
 G - a wand of lightning (9/15)
 P - a wand of confusion (22/48)
 Q - a wand of scattershot (1/9)
 T - a wand of confusion (34/48)
 V - a wand of digging (16/24)
Scrolls
 h - 3 scrolls of recharging
 k - 4 scrolls of remove curse
 n - 3 scrolls of fear
 o - 4 scrolls of teleportation
 q - 3 scrolls of fog
 t - a scroll of magic mapping
 w - a scroll of enchant armour
 I - a scroll of acquirement
 N - 3 scrolls of amnesia
 O - a scroll of blinking {unknown}
Potions
 a - a potion of ambrosia {unknown}
 m - 2 potions of brilliance {unknown}
 s - 4 potions of curing
 u - 2 potions of mutation {unknown}
 z - 2 potions of flight {unknown}
 A - 2 potions of agility {unknown}
 C - a potion of might
 E - a potion of cancellation {unknown}
Books
 i - a book of Annihilations

   Spells                             Type                      Level
   a - Poison Arrow                   Conjuration/Poison           6
   b - Chain Lightning                Conjuration/Air              8
   c - Lehudib's Crystal Spear        Conjuration/Earth            8
   d - Glaciate                       Conjuration/Ice              9
   e - Fire Storm                     Conjuration/Fire             9
 l - a manual of Fighting
 v - a book of Cantrips

   Spells                             Type                      Level
   a - Confusing Touch                Hexes                        1
   b - Animate Skeleton               Necromancy                   1
   c - Summon Small Mammal            Summoning                    1
   d - Apportation                    Translocation                1
 H - a book of Necromancy

   Spells                             Type                      Level
   a - Pain                           Necromancy                   1
   b - Animate Skeleton               Necromancy                   1
   c - Vampiric Draining              Necromancy                   3
   d - Regeneration                   Charms/Necromancy            3
   e - Animate Dead                   Necromancy                   4
   f - Control Undead                 Necromancy                   4
 J - a book of Enchantments

   Spells                             Type                      Level
   a - Cause Fear                     Hexes                        4
   b - Yara's Violent Unravelling     Hexes/Transmutation          5
   c - Silence                        Hexes/Air                    5
   d - Deflect Missiles               Charms/Air                   6
   e - Discord                        Hexes                        8
Comestibles
 d - 6 bread rations
 g - 5 meat rations
 j - 7 fruits
 U - a royal jelly


   Skills:
 * Level 10.2(9.8) Fighting
 + Level 12.1(11.7) Maces & Flails
 + Level 2.4(2.1) Throwing
 + Level 9.6(9.2) Dodging
 + Level 7.3(6.9) Stealth
 + Level 6.3(5.9) Shields


You had 3 spell levels left.
You knew the following spells:

 Your Spells              Type           Power        Failure   Level  Hunger
a - Regeneration          Chrm/Necr      #.........   94%         3    ####...
b - Silence               Hex/Air        #.........   100%        5    ######.


Dungeon Overview and Level Annotations

Branches:
Dungeon (11/15)            Temple (1/1) D:6            Lair (0/6) D:10
    Orc: D:9-12

Altars:
Ashenzari
Cheibriados
Dithmenos
Elyvilon
Fedhas
Gozag
Hepliaklqana
Kikubaaqudgha
Makhleb
Nemelex Xobeh
Okawaru
Qazlal
Ru
Sif Muna
Trog
Uskayaw
Vehumet
Wu Jian
Xom
Yredelemnul
Zin
The Shining One


Innate Abilities, Weirdness & Mutations

You can breathe blasts of fire.
Your fiery red scales are hard. (AC +8)
You cannot fit into any form of body armour.
Your flesh is heat resistant. (rF+)
You are cold-blooded and may be slowed by cold attacks.


Message History

The bullfrog is almost dead.
You hit the bullfrog.
You kill the bullfrog!
Okawaru accepts your kill.
There is an open door, spattered with blood here.
As you open the door, it creaks loudly!
A tengu reaver comes into view. It is wielding a great sword.
The tengu reaver casts a spell at you. The bolt of acid hits you!
You are splashed with acid!
The acid burns!
Okay, then.
You feel much better.
The tengu reaver gestures at you while chanting.
The bolt of poison hits you!
You are poisoned.
* * * LOW HITPOINT WARNING * * *
As you read the scroll labeled LAMA YGI YZEQO, it crumbles to dust.
Wisps of shadow whirl around you...
It was a scroll of summoning.
You feel sick.
The tengu reaver hits you with a great sword!!
You die...

.#..,,#..# #........#,,,,
.#..,,#..# #........#,,,,
.######..### #.......##,,,,
...........#########.∩.....#,,,,,
...........................##'###
............#....................
........<.....##########.########
####.........)#.o#..#..'.#,,,,,,,
#........#.#a@'Z.'..#.#,,,,,,,
#........#.##Q#######.#,,,,,,,
#.......[#.#l.#,,+,,#.#+##,,,,
#........#.#..#,,*,,#....#,,,,
#........#)##+#***+*#....#,,,,
*..........#,,+8,+,,#....##+##
*,.........#,,*,8*,,#.........
*,,........##########.........
####,,......)....................


You could see a tengu reaver, a friendly iguana, a friendly worker ant, a
friendly orc and a friendly bullfrog zombie.

Vanquished Creatures
  Gastronok (D:8)
  Snorg (D:10)
  A minotaur (Lab)
  Erica (D:8)
  A two-headed ogre (D:11)
  Urug (D:9)
  Nergalle (D:10)
  An unseen horror (D:11)
  The ghost of Likado the Slinger, a novice HaHu of Zin (D:7)
  A manticore (D:9)
  A komodo dragon (D:10)
  A minotaur zombie (Lab)
  2 hellwings
  A merfolk (D:9)
  2 trolls (D:11)
  A hornet (D:8)
  2 meliai zombies
  A hippogriff (D:8)
  2 shadows (D:11)
  A wraith (D:10)
  2 redbacks (Lab)
  A wyvern (D:10)
  A hungry ghost (D:10)
  Menkaure (D:4)
  The ghost of polly the Covered, an amateur GrFi (D:3)
  A water moccasin (D:9)
  2 orc warriors
  3 sky beasts
  3 ice beasts
  A black bear (D:6)
  3 phantoms
  6 ogres
  6 centaurs
  A big kobold (D:9)
  12 bullfrogs
  A gnoll sergeant (D:9)
  A wyvern skeleton (D:10)
  3 scorpions
  4 killer bees (D:10)
  6 howler monkeys
  3 wights (D:10)
  7 crimson imps
  6 centaur zombies
  4 hounds
  A gnoll shaman (D:4)
  2 orc priests
  4 centaur skeletons
  5 jellies
  Crazy Yiuf (D:6)
  4 iguanas
  Natasha (thrice) (D:2)
  11 orc wizards
  8 worker ants
  A killer bee zombie (D:6)
  2 hound skeletons
  18 adders
  13 gnolls
  6 shadow imps
  An ooze (D:3)
  An adder skeleton (D:4)
  4 worms
  3 dart slugs
  5 leopard geckos
  30 orcs
  2 ball pythons
  5 giant cockroaches
  8 goblins
  6 hobgoblins
  5 jackals
  3 quokkas
  7 bats
  5 frilled lizards
  6 kobolds
  A quokka zombie (D:8)
  6 rats
280 creatures vanquished.

Vanquished Creatures (others)
  A fungus (D:6)
  2 plants (D:10)
3 creatures vanquished.

Grand Total: 283 creatures vanquished

Notes
Turn   | Place    | Note
-------+----------+-------------------------------------------
     0 | D:1      | polly the Draconian Gladiator began the quest for the Orb.
     0 | D:1      | Reached XP level 1. HP: 17/17 MP: 1/1
   207 | D:1      | Reached XP level 2. HP: 14/24 MP: 2/2
  1194 | D:2      | Reached XP level 3. HP: 29/30 MP: 3/3
  1245 | D:2      | Noticed Natasha
  1256 | D:2      | Killed Natasha
  1423 | D:2      | Noticed Natasha
  1432 | D:2      | Killed Natasha
  1432 | D:2      | Reached skill level 4 in Maces & Flails
  1432 | D:2      | Reached XP level 4. HP: 17/37 MP: 4/4
  1681 | D:2      | Noticed Natasha
  1688 | D:2      | Killed Natasha
  1864 | D:2      | Reached XP level 5. HP: 34/44 MP: 5/5
  2072 | D:2      | Reached skill level 1 in Stealth
  2184 | D:3      | Noticed polly's ghost (amateur GrFi)
  2530 | D:3      | Killed polly's ghost
  2530 | D:3      | Reached skill level 1 in Shields
  2530 | D:3      | Reached XP level 6. HP: 22/51 MP: 6/6
  2947 | D:3      | Reached skill level 5 in Maces & Flails
  3098 | D:3      | Found an opulent altar of Gozag.
  3800 | D:4      | Your scales start taking on a fiery red colour.
  3800 | D:4      | Reached XP level 7. HP: 25/57 MP: 7/7
  3800 | D:4      | Gained mutation: Your flesh is heat resistant. (rF+) [Red Draconian growth]
  3979 | D:4      | Noticed Menkaure
  3995 | D:4      | Killed Menkaure
  3995 | D:4      | Reached skill level 6 in Maces & Flails
  4532 | D:4      | Got a faintly glowing war axe
  4533 | D:4      | Identified the +6 war axe "Atrielon" {pain, +Fly rElec} (You found it on level 4 of the Dungeon)
  4713 | D:5      | Entered Level 5 of the Dungeon
  4743 | D:5      | Reached skill level 5 in Dodging
  4909 | D:5      | Reached skill level 7 in Maces & Flails
  4909 | D:5      | Reached XP level 8. HP: 29/66 MP: 8/8
  5373 | D:5      | Found a bloodstained altar of Trog.
  5772 | D:6      | Found an ornate altar of the Wu Jian Council.
  5774 | D:6      | Found a shimmering altar of Xom.
  5888 | D:6      | Found a staircase to the Ecumenical Temple.
  5894 | Temple   | Entered the Ecumenical Temple
  6035 | Temple   | Became a worshipper of Warmaster Okawaru
  6278 | D:6      | Reached skill level 8 in Maces & Flails
  6792 | D:6      | Found a shadowy altar of Dithmenos.
  6792 | D:6      | Found a hide-covered altar of Uskayaw.
  6793 | D:6      | Found a basalt altar of Yredelemnul.
  6806 | D:6      | Found a burning altar of Makhleb.
  6807 | D:6      | Found a hazy altar of Hepliaklqana.
  6986 | D:6      | Reached XP level 9. HP: 67/73 MP: 9/9
  6990 | D:6      | Reached * piety under Okawaru
  7124 | D:6      | Found a runed door.
  7190 | D:6      | Noticed Crazy Yiuf
  7195 | D:6      | Killed Crazy Yiuf
  7234 | D:7      | Reached skill level 5 in Fighting
  7475 | D:7      | Reached skill level 9 in Maces & Flails
  7517 | D:7      | Noticed Likado's ghost (novice HaHu)
  7523 | D:7      | Reached ** piety under Okawaru
  7753 | D:7      | Killed Likado's ghost
  8575 | D:8      | Noticed Gastronok
  8615 | D:8      | Killed Gastronok
  8615 | D:8      | Reached *** piety under Okawaru
  8615 | D:8      | Reached **** piety under Okawaru
  8615 | D:8      | Received a gift from Okawaru
  8615 | D:8      | Reached skill level 10 in Maces & Flails
  8615 | D:8      | Reached skill level 5 in Stealth
  8615 | D:8      | Reached XP level 10. HP: 74/84 MP: 10/10
  8685 | D:8      | Paralysed by a hornet for 3 turns
  8693 | D:8      | Received a gift from Okawaru
  9141 | D:8      | Found a shattered altar of Ashenzari.
  9243 | D:8      | Noticed Erica
  9267 | D:8      | Killed Erica
 10137 | D:9      | Noticed a manticore
 10156 | D:9      | Killed a manticore
 10511 | D:9      | Reached ***** piety under Okawaru
 10801 | D:10     | Entered Level 10 of the Dungeon
 10835 | D:10     | Reached XP level 11. HP: 83/92 MP: 11/11
 10849 | D:10     | Reached skill level 11 in Maces & Flails
 10890 | D:10     | Reached skill level 5 in Shields
 11166 | D:10     | Noticed Urug
 11189 | D:10     | HP: 3/92 [meliai zombie (4)]
 11194 | D:10     | Received a gift from Okawaru
 12044 | D:9      | Killed Urug
 12177 | D:10     | Got a translucent morningstar {god gift}
 12178 | D:10     | Identified the +2 morningstar "Hela Jok" {crush, rF- rC+ Dex+2} (Okawaru gifted it to you on level 10 of the Dungeon)
 12194 | D:10     | Found a shattered altar of Ashenzari.
 12201 | D:10     | Noticed Snorg
 12273 | D:11     | Found a labyrinth entrance.
 12280 | Lab      | Entered a labyrinth
 13169 | Lab      | Noticed a minotaur
 13190 | Lab      | Killed a minotaur
 13196 | Lab      | Got a slimy silver amulet
 13196 | Lab      | Got a pitted amethyst amulet
 13535 | Lab      | Identified the amulet "Plog" {Reflect Dex+4 SH+3} (You found it in a labyrinth)
 13537 | Lab      | Identified the amulet "Mecwa" {Gourm Str+2} (You found it in a labyrinth)
 13545 | Lab      | Learned a level 3 spell: Regeneration
 13551 | Lab      | Learned a level 5 spell: Silence
 13758 | D:10     | Killed Snorg
 14180 | D:10     | Found a deep blue altar of Sif Muna.
 14375 | D:10     | Noticed Nergalle
 14405 | D:10     | Killed Nergalle
 14412 | D:10     | Reached skill level 12 in Maces & Flails
 14414 | D:10     | Found a staircase to the Lair.
 14435 | D:10     | Received a gift from Okawaru
 14435 | D:10     | Reached XP level 12. HP: 77/105 MP: 12/12
 14438 | D:10     | Got a slimy morningstar {god gift}
 14439 | D:10     | Identified the +4 morningstar "Kusos" {crush, *Drain +Rage rC+ rN+ Str-3 Int+9} (Okawaru gifted it to you on level 10 of the Dungeon)
 14706 | D:11     | Noticed a two-headed ogre
 14725 | D:11     | Killed a two-headed ogre
 14773 | D:11     | Reached skill level 10 in Fighting
 15226 | D:11     | Identified a scroll of acquirement
 15394 | D:11     | Found a runed door.
 15405 | D:11     | Noticed a tengu reaver
 15407 | D:11     | Slain by a tengu reaver

Vault maps used:
D:1:      dpeg_arrival_brainrot, minmay_tromino_v4_a
D:2:      minmay_misc_feat_encased, uniq_natasha
D:3:      old_standard_altar, serial_glass, glass_columns_b, glass_columns_a
D:4:      uniq_menkaure
D:5:      first_bread, basic_altar
D:6:      minitemple, minmay_temple_entry_enclosed_plants,
          minmay_gold_behind_fungi, serial_bayou_pond_c, hex_tiny,
          uniq_crazy_yiuf_cottage
D:8:      nicolae_ashenzari_panopticon, serial_co_window_serial,
          co_window_corner_a, co_window_of_opportunity_a, co_window_paths_a,
          co_window_paths_a, co_window_paths_b, co_window_of_opportunity_a,
          co_window_corner_b, co_window_corner_b, co_window_2corner,
          co_window_paths_c, co_window_of_opportunity_b, co_window_sun,
          uniq_erica, uniq_gastronok
D:9:      hangedman_fish_farm
D:10:     cheibrodos_grave_circle, david_lair_shrubbed,
          hangedman_feature_mirror, uniq_nergalle, uniq_urug, uniq_snorg
D:11:     lab_entry_generic, minivault_13
Temple:   oiseaux_autumnal_temple
Lab:      labyrinth_hidden_loot, nicolae_lab_plus, nicolae_lab_grate_2,
          labyrinth_skeletal_remains

Skill      XL: |  1  2  3  4  5  6  7  8  9 10 11 12 |
---------------+-------------------------------------+-----
Dodging        | 3 4 5 6 7 8 9 |  9.6
Throwing       | 2 |  2.4
Maces & Flails | 4 5 7 8 10 12 | 12.1
Stealth        | 1 2 3 5 6 7 |  7.3
Fighting       | 3 4 6 7 9 10 | 10.2
Shields        | 1 3 4 6 |  6.3

Action                   |  1- 3 |  4- 6 |  7- 9 | 10-12 || total
-------------------------+-------+-------+-------+-------++-------
Melee: Flail             |    89 |   161 |       |       ||   250
       Tailslap          |    10 |    23 |    79 |   204 ||   316
       Whip              |       |       |   503 |   904 ||  1407
Throw: Throwing net      |       |     2 |     3 |     2 ||     7
       Javelin           |       |       |       |     1 ||     1
 Abil: Breathe Fire      |       |       |     2 |     8 ||    10
  Use: Potion            |       |     3 |       |    12 ||    15
       Scroll            |       |     1 |     2 |     9 ||    12
 Stab: Sleeping          |       |     2 |     5 |    16 ||    23
       Held in net/web   |       |     1 |     6 |     4 ||    11
       Distracted        |       |       |     3 |     3 ||     6
  Eat: Chunk             |     1 |     6 |     9 |    13 ||    29
       Royal jelly       |       |     1 |     3 |     2 ||     6
       Fruit             |       |       |     2 |     2 ||     4
       Meat ration       |       |       |       |     1 ||     1
Armor: Skin              |    19 |    45 |    98 |   163 ||   325
Dodge: Dodged            |    64 |    95 |   219 |   492 ||   870
Block: Buckler           |    15 |    28 |    74 |   210 ||   327
